 Dungeon Crawl Stone Soup version 0.27-a0-1188-g73eefd5def (webtiles) character file.

Game seed: 11138665203358356864

12 Glokmah the Skirmisher (level 2, -2/36 HPs)
             Began as a Demonspawn Monk on May 22, 2021.
             Slain by a goblin
             ... wielding a +0 club
              (3 damage)
             ... on level 1 of the Dungeon.
             The game lasted 00:01:52 (716 turns).

Glokmah the Skirmisher (Demonspawn Monk)             Turns: 716, Time: 00:01:53

Health: -2/36      AC: 21    Str: 10 (11) XL:     2   Next: 20%
Magic:  2/2        EV:  2    Int:  9 (11) God:
Gold:   17         SH:  0    Dex: 13 (15) Spells: 1/1 levels left

rFire    . . .     SeeInvis .   a - +0 hand axe
rCold    . . .     Faith    .   (no shield)
rNeg     + + +     Spirit   .   (armour currently unavailable)
rPois    +         Reflect  .   (helmet currently unavailable)
rElec    .         Harm     .   (cloak currently unavailable)
rCorr    .         Rampage  .   (gloves currently unavailable)
Will     .....     NoTele   +   (boots currently unavailable)
Stlth    ++........             (no amulet)
HPRegen  0.12/turn              (no ring)
MPRegen  0.08/turn              (no ring)

@: tree-form
A: stationary, stasis, torment immunity, boosted hp, (claws 1)
a: no special abilities


You were on level 1 of the Dungeon.
You were a tree.
You visited 1 branch of the dungeon, and saw 1 of its levels.

You collected 17 gold pieces.

Inventory:

Hand Weapons
 a - a +0 hand axe (weapon)
Armour
 b - a +0 robe (melded)
Scrolls
 c - a scroll of magic mapping {unknown}
Potions
 d - a potion of lignification


   Skills:
 + Level 3.2 Fighting
 + Level 2.8 Axes
 + Level 2.8 Dodging
 + Level 2.1 Stealth


You had one spell level left.
You didn't know any spells.
Your spell library was empty.

Dungeon Overview and Level Annotations

Branches:
Dungeon (1/15)

Altars:


Innate Abilities, Weirdness & Mutations

You are a tree.
Your roots penetrate the ground, keeping you stationary.
You cannot be teleported.
You are immune to unholy pain and torment.
Your maximum health is greatly increased.
Your equipment is partially melded.
((You have sharp fingernails.))


Message History

The endoplasm jiggles.
The endoplasm hits you but does no damage.
The endoplasm barely misses you.
You completely miss the endoplasm. The endoplasm hits you.
A jackal comes into view.
You are too injured to fight recklessly!
You are too injured to fight recklessly!
The jackal barks!
You hit the endoplasm.
The endoplasm is heavily wounded.
The endoplasm freezes you.
You are frozen.
You hit the endoplasm.
The endoplasm is almost dead.
The endoplasm freezes you.
You are frozen.
* * * LOW HITPOINT WARNING * * *
You hit the endoplasm.
You kill the endoplasm!
You hit the goblin.
The goblin is heavily wounded.
The goblin hits you with a +0 club.
* * * LOW HITPOINT WARNING * * *
It was a potion of lignification.
You turn into a tree.
Your +0 robe melds into your body.
Your roots penetrate the ground.
The goblin hits you but does no damage.
It was a potion of degeneration.
There was something very wrong with that liquid.
You feel weakened.
You feel dopey.
You feel clumsy. The goblin hits you but does no damage.
You barely miss the goblin.
The goblin is heavily wounded.
The goblin hits you with a +0 club.
* * * LOW HITPOINT WARNING * * *
The goblin barely misses you.
You closely miss the goblin.
The goblin is heavily wounded.
A jackal comes into view.
The goblin hits you with a +0 club.
You die...

###.##.# # #
...........†.# #
####.#
...#.##.#.##.######
# #.#
#..............# #
#.#
#..#.##..###.#.# #
... ...........#.#
# #.# #.##....### #
# #.# #.##.....#.#
#.......##.#
....###♣##.# ...
#g##.. . ##g####
#hh# #....h##
#K#...## #..# #..#
...#


You could see 3 jackals and 2 goblins.

Vanquished Creatures
  2 endoplasms (D:1)
  3 goblins (D:1)
  A hobgoblin (D:1)
  A ball python (D:1)
  2 bats (D:1)
  2 frilled lizards (D:1)
  A kobold (D:1)
12 creatures vanquished.

Notes
Turn   | Place    | Note
-------+----------+-------------------------------------------
     0 | D:1      | Glokmah the Demonspawn Monk began the quest for the Orb.
     0 | D:1      | Reached XP level 1. HP: 18/18 MP: 1/1
   676 | D:1      | Gained mutation: You have sharp fingernails. [demonic
                  | ancestry]
   676 | D:1      | Reached XP level 2. HP: 24/24 MP: 2/2
   712 | D:1      | HP: 1/24 [goblin/+0 club (3)]
   716 | D:1      | Slain by a goblin

Illustrated notes

Levels and vault maps discovered:
D:1:      minmay_arrival_widening_spiral_wide, layout_basic, minmay_bisected

Skill      XL: |  1 |
---------------+----+-----
Stealth        | 2 |  2.1
Fighting       | |  3.2
Axes           | |  2.8
Dodging        | |  2.8

Action                   || total
-------------------------++-------
Melee: Hand axe          ||    44
  Use: Potion            ||     2
 Stab: Sleeping          ||     2
Armor: Robe              ||     7
       Skin              ||     2
Dodge: Dodged            ||    29

Table legend: (Time is in decaauts)
 A = Elapsed time spent in this place.
 B = Non-inter-level travel time spent in this place.
 C = Inter-level travel time spent in this place.
 D = Time resting spent in this place.
 E = Time spent auto-exploring this place.
 F = Levels seen in this place.
 G = Mean time per level.
                   A        B        C        D        E       F      G
               +--------+--------+--------+--------+--------+-----+--------+
         Total |    723 |    723 |      0 |      0 |    568 |   1 |  723.0 |
       Dungeon |    723 |    723 |      0 |      0 |    568 |   1 |  723.0 |
               +--------+--------+--------+--------+--------+-----+--------+

Top non-repeatable levels by time:
     D:1: 723 daAuts
